 Dungeon Crawl Stone Soup version 0.25-a0-1133-g93ebf739aa (webtiles) character file.

Game seed: 4437434462902940601, levelgen mode: classic

193 Amnesiac the Shooter (level 5, -7/29 HPs)
             Began as a Deep Elf Arcane Marksman on May 21, 2020.
             Killed by nerve-wracking pain
             ... invoked by Grinder
              (9 damage)
             ... while paralysed by Grinder
             ... on level 4 of the Dungeon.
             The game lasted 00:06:44 (3403 turns).

Amnesiac the Shooter (Deep Elf Arcane Marksman)     Turns: 3403, Time: 00:06:45

Health: -7/29      AC:  5    Str:  8    XL:     5   Next: 43%
Magic:  9/9        EV:  2    Int: 18    God:
Gold:   164        SH:  0    Dex: 15    Spells: 4/7 levels left

rFire    . . .     SeeInvis .   a - +0 shortbow
rCold    + . .     Gourm    .   (shield currently unavailable)
rNeg     . . .     Faith    .   o - +0 ring mail {rC+}
rPois    .         Spirit   .   (no helmet)
rElec    .         Reflect  .   (no cloak)
rCorr    .         Harm     .   (no gloves)
MR       .....                  (no boots)
Stlth    +.........             (no amulet)
HPRegen  0.09/turn              (no ring)
MPRegen  0.11/turn              (no ring)

@: paralysed
A: no striking features
a: no special abilities


You were on level 4 of the Dungeon.
You were not hungry.

You visited 1 branch of the dungeon, and saw 4 of its levels.

You collected 164 gold pieces.

Inventory:

Hand Weapons
 a - a +0 shortbow (weapon)
 c - a +0 flail
 g - a +1 vampiric hand axe
Missiles
 b - 70 stones
 d - 55 arrows (quivered)
 q - 3 boomerangs
Armour
 o - a +0 ring mail of cold resistance (worn)
 s - a +0 helmet
Jewellery
 h - an uncursed ring of ice
Scrolls
 i - 5 scrolls of identify {!r, unknown}
 j - 2 scrolls of enchant weapon {!r, unknown}
 k - a scroll of teleportation {!r, unknown}
 l - 2 scrolls of remove curse {!r, unknown}
 m - 2 scrolls of magic mapping {!r, unknown}
 p - a scroll of random uselessness {!r, unknown}
Potions
 e - a potion of magic {!q, unknown}
 n - 2 potions of stabbing {!q, unknown}
 r - a potion of haste {!q, unknown}
Comestibles
 f - 4 rations


   Skills:
 + Level 1.6 Fighting
 - Level 6.0 Bows
 - Level 2.4 Dodging
 - Level 1.5 Spellcasting
 - Level 4.0 Hexes


You had 4 spell levels left.
You knew the following spells:

 Your Spells              Type           Power        Failure   Level  Hunger
a - Corona                Hex            ###....      12%         1    ##.....
e - Slow                  Hex            ###.....     17%         2    ###....

Your spell library contained the following spells:

 Spells                   Type           Power        Failure   Level  Hunger
 Inner Flame              Hex/Fire       #.......     61%         3    ####...
 Portal Projectile        Hex/Tloc       #.....       61%         3    ####...
 Cause Fear               Hex            ###.......   75%         4    #####..
 Leda's Liquefaction      Hex/Erth       #.........   95%         4    #####..


Dungeon Overview and Level Annotations

Branches:
Dungeon (4/15)
 Temple: D:4-7

Altars:

Annotations:
D:4 Grinder


Message History

d - 57 arrows (gained 1)
d - 58 arrows (gained 1)
d - 59 arrows (gained 1) HP restored.
d - 60 arrows (gained 1)
Found a scale mail.
p - a scroll labeled GIKHLO RAANUFA {!r}
Found a stone staircase leading up.
f - 4 rations (gained 1) Grinder comes into view.
Grinder shouts!
You aren't carrying any items that you can evoke.
There is a stone staircase leading up here.
Firing (i - inventory. (/) - cycle)
d - 60 arrows (quivered)
Press: ? - help, Shift-Dir - straight line, f - Grinder
Aim: Grinder You shoot an arrow.
The arrow hits Grinder.
Grinder is lightly wounded.
Grinder gestures at you.
You suddenly lose the ability to move!
Grinder gestures at you.
You struggle to resist.
Grinder hits you but does no damage.
You can move again.
Unknown command.
Unknown command.
Firing (i - inventory. (/) - cycle)
d - 59 arrows (quivered)
Press: ? - help, Shift-Dir - straight line, f/p - Grinder
Aim: Grinder (lightly wounded)
You shoot an arrow.
The arrow hits Grinder but does no damage.
Grinder is lightly wounded.
Grinder hits you.
You writhe in agony.
Firing (i - inventory. (/) - cycle)
d - 58 arrows (quivered)
Press: ? - help, Shift-Dir - straight line, f/p - Grinder
Aim: Grinder (lightly wounded)
You shoot an arrow. The arrow closely misses Grinder.
Grinder hits you.
Firing (i - inventory. (/) - cycle)
d - 57 arrows (quivered)
Press: ? - help, Shift-Dir - straight line, f/p - Grinder
Aim: Grinder (lightly wounded)
You shoot an arrow. The arrow hits Grinder.
Grinder is moderately wounded.
Grinder hits you.
You writhe in agony.
* * * LOW HITPOINT WARNING * * *
Firing (i - inventory. (/) - cycle)
d - 56 arrows (quivered)
Press: ? - help, Shift-Dir - straight line, f/p - Grinder
Aim: Grinder (moderately wounded)
You shoot an arrow. The arrow barely misses Grinder.
Grinder gestures at you.
You suddenly lose the ability to move!
Grinder hits you but does no damage. x2
Grinder hits you.
* * * LOW HITPOINT WARNING * * *
You writhe in agony.
* * * LOW HITPOINT WARNING * * *
Grinder hits you.
* * * LOW HITPOINT WARNING * * *
Grinder hits you.
* * * LOW HITPOINT WARNING * * *
You writhe in agony.
* * * LOW HITPOINT WARNING * * *
Grinder gestures at you. Pain shoots through your body!
You die...

##.# #..
####..$###..
........#..
#........##
##.........##
#...........#
...........#
..#..5....#
##### .
###@....##
#...##
###....#
##....#
#....###.....#
###...#..[...#
#...#......#
#..........#
##.........#
#....[....#
###.........#


You could see Grinder.

Vanquished Creatures
  A scorpion (D:4)
  A hound (D:4)
  2 adders (D:2)
  An ooze (D:1)
  A worm (D:3)
  A leopard gecko (D:1)
  3 orcs (D:3)
  A ball python (D:2)
  4 giant cockroaches
  11 goblins
  8 hobgoblins
  8 jackals (D:2)
  3 quokkas
  13 bats
  6 kobolds
  A leopard gecko skeleton (D:4)
  16 rats
81 creatures vanquished.

Notes
Turn   | Place    | Note
-------+----------+-------------------------------------------
     0 | D:1      | Amnesiac the Deep Elf Arcane Marksman began the quest for
                  | the Orb.
     0 | D:1      | Reached XP level 1. HP: 11/11 MP: 5/5
    60 | D:1      | Reached skill level 1 in Fighting
   102 | D:1      | You fall into a shaft and drop 1 floor!
   175 | D:3      | Reached XP level 2. HP: 15/16 MP: 1/6
   179 | D:3      | Learned a level 2 spell: Slow
   224 | D:3      | Reached skill level 3 in Bows
   496 | D:2      | Reached XP level 3. HP: 15/20 MP: 2/7
   706 | D:2      | Reached skill level 4 in Bows
  1498 | D:1      | Reached XP level 4. HP: 23/25 MP: 6/8
  2096 | D:2      | Reached skill level 5 in Bows
  2921 | D:4      | Reached XP level 5. HP: 18/29 MP: 5/9
  3113 | D:4      | Reached skill level 6 in Bows
  3386 | D:4      | Noticed Grinder
  3391 | D:4      | Paralysed by Grinder for 3 turns
  3397 | D:4      | Paralysed by Grinder for 7 turns
  3403 | D:4      | Killed from afar by Grinder

Illustrated notes

Levels and vault maps discovered:
D:1:      sevenhm_arrival_forest_fort_small_4, layout_basic,
          hangedman_feature_mirror
D:2:      layout_loops_ring, minmay_rat_gold_closets
D:3:      layout_basic, first_ration
D:4:      layout_cave_pods, grunt_temple_overflow_order_and_chaos_2,
          uniq_grinder

Skill      XL: |  1  2  3  4  5 |
---------------+----------------+-----
Fighting       | 1 |  1.6
Bows           | 3 4 5 6 |  6.0
Dodging        | |  2.4
Spellcasting   | |  1.5
Hexes          | |  4.0

Action                   |  1- 3 |  4- 6 || total
-------------------------+-------+-------++-------
 Fire: Shortbow          |   109 |   157 ||   266
 Cast: Corona            |    36 |    47 ||    83
       Slow              |     3 |     7 ||    10
  Eat: Chunk             |     3 |     5 ||     8
       Ration            |       |     1 ||     1
Armor: Robe              |    10 |       ||    10
       Leather armour    |     8 |       ||     8
       Ring mail         |       |    36 ||    36
Dodge: Dodged            |    48 |    67 ||   115

Table legend:
 A = Non-vault XP
 B = Vault XP
 C = Vault XP percentage of total XP
 D = Non-vault monster count
 E = Vault monster count
 F = Vault count percentage of total count
                 A         B        C        D         E       F
            +---------+---------+-------+---------+---------+-------
      Total |     263 |      13 |   4.7 |      70 |      11 |  13.6
            +---------+---------+-------+---------+---------+-------
        D:1 |      41 |       4 |   8.9 |      20 |       2 |   9.1
        D:2 |      63 |       9 |  12.5 |      25 |       9 |  26.5
        D:3 |      44 |       0 |   0.0 |      22 |       0 |   0.0
        D:4 |     115 |       0 |   0.0 |       3 |       0 |   0.0
            +---------+---------+-------+---------+---------+-------
